 Dungeon Crawl Stone Soup version 0.28.0-47-ge53b351184 (webtiles) character file.

Game seed: 5759704946320199948

4150 Bearnado the Spear-Bearer (level 10, -2/88 HPs)
             Began as a Minotaur Berserker on May 11, 2022.
             Was an Elder of Trog.
             Slain by a killer bee (6 damage)
             ... on level 9 of the Dungeon.
             The game lasted 00:22:15 (6912 turns).

Bearnado the Spear-Bearer (Minotaur Berserker)      Turns: 6912, Time: 00:22:16

Health: -2/88      AC: 16    Str: 25    XL:     10   Next: 7%
Magic:  9/9        EV:  8    Int:  4    God:    Trog [****..]
Gold:   231        SH:  0    Dex: 11    Spells: 9/9 levels left

rFire   + . .      SeeInvis +   i - +2 halberd (venom)
rCold   . . .      Faith    .   (shield currently unavailable)
rNeg    . . .      Spirit   .   L - +0 plate armour
rPois   .          Reflect  .   (helmet restricted)
rElec   .          Harm     .   w - +0 cloak
rCorr   .          Rampage  .   (no gloves)
Will    ++...                   b - +0 pair of boots
Stlth   ..........              (no amulet)
HPRegen 1.24/turn               g - ring of protection from fire
MPRegen 0.11/turn               p - ring of see invisible

@: lethally poisoned (-2 -> -4), strong-willed, regenerating
A: horns 2, retaliatory headbutt
a: Renounce Religion, Berserk, Trog's Hand, Brothers in Arms


You were on level 9 of the Dungeon.
You worshipped Trog.
Trog was greatly pleased with you.
You visited 1 branch of the dungeon, and saw 9 of its levels.

You collected 270 gold pieces.
You spent 39 gold pieces at shops.

Inventory:

Hand Weapons
 a - a +0 hand crossbow
 i - a +2 halberd of venom (weapon)
 j - a +0 spear
 s - a +2 mace of holy wrath
 u - a +0 hunting sling
 S - a +0 shortbow
 W - a +0 war axe
Missiles
 e - 144 stones
 k - 10 poisoned darts (quivered)
 l - 153 arrows
 N - 38 sling bullets
Armour
 b - a +0 pair of boots (worn)
 d - a +0 buckler
 w - a +0 cloak (worn)
 E - a +0 chain mail
 L - a +0 plate armour (worn)
Jewellery
 g - a ring of protection from fire (left hand)
 p - a ring of see invisible (right hand)
 T - a ring of fire
Wands
 y - a wand of iceblast (8)
 B - a wand of mindburst (15)
 J - a wand of polymorph (14)
Scrolls
 h - 2 scrolls of fear
 H - 2 scrolls of magic mapping
Potions
 c - 9 potions of curing
 m - a potion of resistance
 q - 2 potions of attraction
 r - 3 potions of heal wounds
 t - a potion of haste
 C - 2 potions of invisibility
 F - a potion of flight {unknown}
 I - a potion of might {unknown}
 M - a potion of berserk rage {unknown}


   Skills:
 + Level 7.6 Fighting
 + Level 5.3(9.4) Axes
 + Level 12.0(12.4) Polearms
 + Level 1.2 Bows
 + Level 1.3 Throwing
 + Level 8.2 Armour
 + Level 4.6 Dodging
 + Level 1.6 Stealth


You had 9 spell levels left.
You didn't know any spells.
Your spell library was empty.

Dungeon Overview and Level Annotations

Branches:
Dungeon (9/15)             Temple (0/1) D:4            Lair (0/6) D:8
    Orc: D:9-12

Altars:

Shops:
D:4 (![   D:5 =   D:8 (::


Innate Abilities, Weirdness & Mutations

You have a pair of horns on your head.
You reflexively headbutt those who attack you in melee.


Message History

You headbutt the killer bee. The killer bee stings you!
You hear an angry buzzing noise.
You feel sick. The killer bee stings you.
You are more poisoned.
The killer bee poisons you! The killer bee stings you.
There is an open door here.
You feel better. The killer bee misses you. You furiously retaliate!
You headbutt the killer bee! The killer bee stings you!
You are poisoned.
The killer bee poisons you!
The killer bee stings you but does no damage.
You feel sick.
The killer bee stings you but does no damage.
The killer bee stings you.
* * * LOW HITPOINT WARNING * * *
You are more poisoned.
The killer bee poisons you!
The queen bee calls on the killer bee to defend it!
The killer bee goes berserk!
You feel very sick. The killer bee stings you.
* * * LOW HITPOINT WARNING * * *
You are more poisoned.
The killer bee poisons you!
The killer bee rages.
The killer bee stings you but does no damage.
You feel very sick.
The killer bee stings you but does no damage.
The killer bee stings you.
* * * LOW HITPOINT WARNING * * *
The killer bee stings you but does no damage.
The killer bee stings you.
* * * LOW HITPOINT WARNING * * *
You feel better. The killer bee stings you!
* * * LOW HITPOINT WARNING * * *
You are poisoned.
The killer bee poisons you! The killer bee barely misses you.
You furiously retaliate!
You headbutt the killer bee! The killer bee barely misses you.
The killer bee stings you.
You die...

###'######### #### #.# ### #.#
#.. ##'########### ##'#
#............# #...
#...........<# #... ###
#............# #... .y!.
#............####... .†.y.
#.y@.........'..#...
y.yyy!########.y..........##.#...
...y.y'yyy(yy'............##.#...
y..y.y########............##.'...
....† ##########+######... ###+
####


You could see a queen bee and 3 killer bees.

Vanquished Creatures
  A two-headed ogre (D:6)
  Prince Ribbit (D:6)
  Sigmund (D:3)
  A steam dragon (D:8)
  2 water moccasins
  An orc warrior (D:7)
  2 ice beasts
  A sky beast (D:7)
  A hornet zombie (D:5)
  2 necrophages
  4 ogres (D:5)
  2 centaurs
  2 phantoms
  3 bullfrogs
  2 wyvern zombies
  2 scorpions (D:6)
  A water moccasin zombie (D:3)
  A wyvern skeleton (D:7)
  2 water moccasin skeletons
  3 killer bees (D:9)
  The ghost of KittyFluff the Cudgeller, a weakling GrBe of Trog (D:3)
  A bullfrog zombie (D:3)
  2 centaur zombies (D:7)
  A bullfrog skeleton (D:7)
  4 jellies
  2 hounds (D:5)
  2 gnoll shamans
  An orc priest (D:7)
  2 iguanas (D:6)
  3 orc wizards
  A killer bee zombie (D:3)
  A howler monkey zombie (D:4)
  8 gnolls
  A howler monkey skeleton (D:6)
  6 adders
  A white imp (D:6)
  2 ufetubi
  An adder skeleton (D:4)
  2 worms (D:2)
  15 orcs
  7 ball pythons
  5 bats
  6 endoplasms
  2 giant cockroaches
  7 goblins
  7 hobgoblins
  4 jackals (D:3)
  4 kobolds
  3 quokkas
  5 frilled lizards
  3 rats
145 creatures vanquished.

Vanquished Creatures (others)
  24 plants
  4 toadstools (D:1)
28 creatures vanquished.

Grand Total: 173 creatures vanquished

Notes
Turn   | Place    | Note
-------+----------+-------------------------------------------
     0 | D:1      | Bearnado the Minotaur Berserker began the quest for the
                  | Orb.
     0 | D:1      | Reached XP level 1. HP: 19/19 MP: 0/0
   192 | D:1      | Reached XP level 2. HP: 18/27 MP: 1/1
   817 | D:2      | Reached XP level 3. HP: 33/33 MP: 2/2
  1017 | D:2      | Found a faded altar of an unknown god.
  1174 | D:2      | Reached ** piety under Trog
  1175 | D:2      | Reached XP level 4. HP: 41/41 MP: 3/3
  1600 | D:2      | Reached skill level 5 in Axes
  2000 | D:3      | Noticed Sigmund
  2010 | D:3      | Killed Sigmund
  2011 | D:3      | Reached skill level 5 in Fighting
  2011 | D:3      | Reached skill level 2 in Polearms
  2011 | D:3      | Reached skill level 1 in Throwing
  2011 | D:3      | Reached XP level 5. HP: 45/48 MP: 4/4
  2011 | D:3      | Reached XP level 6. HP: 53/56 MP: 5/5
  2167 | D:3      | Reached skill level 3 in Polearms
  2246 | D:3      | Found a runed translucent gate.
  2247 | D:3      | Found a runed translucent gate.
  2248 | D:3      | Found a runed translucent gate.
  2261 | D:3      | Noticed KittyFluff's ghost (weakling GrBe)
  2493 | D:3      | Killed KittyFluff's ghost
  2494 | D:3      | Reached skill level 4 in Polearms
  2582 | D:4      | Found Nutostrynwua's Antique Armour Boutique.
  2590 | D:4      | Reached skill level 5 in Polearms
  2590 | D:4      | Reached XP level 7. HP: 61/61 MP: 6/6
  2599 | D:4      | Found a staircase to the Ecumenical Temple.
  2649 | D:4      | Found Weng's Antique Weapon Emporium.
  2702 | D:4      | Found Voduuxel's Distillery.
  2707 | D:4      | Reached *** piety under Trog
  2709 | D:4      | Bought a potion of curing for 39 gold pieces
  3173 | D:5      | Entered Level 5 of the Dungeon
  3173 | D:5      | Found Bohuer's One-of-a-Kind Rings.
  3239 | D:5      | Reached skill level 6 in Polearms
  3612 | D:5      | Reached skill level 7 in Polearms
  3612 | D:5      | Reached skill level 1 in Stealth
  3612 | D:5      | Reached XP level 8. HP: 70/70 MP: 7/7
  3979 | D:5      | Reached skill level 5 in Armour
  4142 | D:5      | Reached skill level 8 in Polearms
  4519 | D:6      | Reached skill level 9 in Polearms
  4955 | D:6      | Noticed a two-headed ogre
  4972 | D:6      | Killed a two-headed ogre
  4973 | D:6      | Reached skill level 10 in Polearms
  4973 | D:6      | Reached XP level 9. HP: 56/79 MP: 8/8
  5007 | D:6      | Noticed Prince Ribbit
  5011 | D:6      | Killed Prince Ribbit
  5290 | D:7      | Reached skill level 11 in Polearms
  5297 | D:7      | Reached **** piety under Trog
  6234 | D:8      | Found Sakog's Weapon Boutique.
  6291 | D:8      | Found Ishrang's Book Emporium.
  6298 | D:8      | Reached XP level 10. HP: 88/88 MP: 9/9
  6332 | D:8      | Found a staircase to the Lair.
  6444 | D:8      | Found Kamienn's Book Emporium.
  6903 | D:9      | Reached skill level 1 in Bows
  6904 | D:9      | Reached skill level 12 in Polearms
  6911 | D:9      | HP: 4/88 [killer bee (6)]
  6912 | D:9      | Slain by a killer bee

Illustrated notes

Levels and vault maps discovered:
D:1:      ldierk_walled_garden_2, layout_rooms, serial_aquarium,
          aquarium_bridge_long_separate [aquarium_subvault_bridge,
          aquarium_subvault_window, aquarium_subvault_bridge,
          aquarium_subvault_bridge, aquarium_subvault_bridge,
          aquarium_subvault_bridge], aquarium_window_2, aquarium_window_fake,
          aquarium_view_2c, aquarium_view_2d, chequers_serial_rivers_small_a
D:2:      layout_basic, chequers_ecumenical_altar_island, grunt_ministairs_1
D:3:      layout_basic, gammafunk_ghost_necromancy, grunt_ministairs_13,
          minmay_distorted, uniq_sigmund
D:4:      layout_gridville, minmay_temple_entry_drinking_statues, serial_shops,
          nicolae_shop_stone, nicolae_inconvenience_store, shop
D:5:      layout_basic, wad_floor_pattern_untrapped, minmay_misc_feat_doors,
          nicolae_shop_unique_rings, serial_bayou_lagoon_a
D:6:      layout_rooms, minmay_increasing_density, uniq_prince_ribbit1
D:7:      layout_rooms
D:8:      layout_gridville, lair_entry_dummy, serial_shops,
          nicolae_shop_hallway_stairs, nicolae_shop_waterfront, kennysheep_mini
D:9:      layout_roguey [special_room_bee], mainiacjoe_overflow_paths

Skill      XL: |  1  2  3  4  5  6  7  8  9 10 |
---------------+-------------------------------+-----
Axes           | 4 5 |  5.3
Fighting       | 4 5 7 |  7.6
Polearms       | 2 5 7 10 11 12 | 12.0
Throwing       | 1 |  1.3
Armour         | 3 4 6 8 |  8.2
Dodging        | 3 4 |  4.6
Stealth        | 1 |  1.6
Bows           | 1 |  1.2

Action                   |  1- 3 |  4- 6 |  7- 9 | 10-12 || total
-------------------------+-------+-------+-------+-------++-------
Melee: Hand axe          |    42 |       |       |       ||    42
       Headbutt          |     8 |     8 |    33 |     1 ||    50
       Halberd           |    10 |    96 |   197 |    12 ||   315
 Fire: Shortbow          |       |       |    22 |     1 ||    23
Throw: Dart              |       |    15 |       |       ||    15
Invok: Berserk           |     1 |     3 |     2 |       ||     6
       Trog's Hand       |       |     1 |     2 |     1 ||     4
  Use: Scroll            |       |       |     7 |     1 ||     8
       Potion            |       |       |       |     2 ||     2
 Stab: Sleeping          |     1 |       |       |       ||     1
Armor: Animal skin       |     7 |     2 |       |       ||     9
       Ring mail         |       |    24 |    10 |       ||    34
       Chain mail        |       |       |    32 |       ||    32
       Plate armour      |       |       |    44 |    14 ||    58
Dodge: Dodged            |    30 |    46 |    54 |    13 ||   143
